AoeStats
← Anikilator_23

Glade

510350588Analyzed
1v1 RM · 21h ago on Sep 30, 2026· 42m 18s· 2 players
Game mode
Random Map
Map size
Tiny (2 player)
Population
200
Speed
Normal
Resources
Standard
Victory
Conquest
Starting age
Dark Age
Ending age
Imperial Age
RankedLock teamsTeams togetherTeam positionsShared explorationLock speedFull tech treeHidden civsTurbo modeCheats
Victory
Defeat
🇲🇽 Saxons · Mexico
1117
+16
🇪🇸 Danes · Spain
1112
-16
Anikilator_23
10:45 Feudal Age
16:19 Castle Age
15:14 Double-Bit Axe
15:10 Horse Collar
17:57 Loom
19:10 Bow Saw
27:37 Wheelbarrow
30:01 Heavy Plow
30:29 Gold Mining
37:22 Imperial Age
35:30 Masonry
35:19 Pikeman
36:00 Squires
38:05 Hand Cart
37:35 Town Watch
38:08 Northmen's Fury
40:15 Conscription
40:11 Onager
[A2PL] roqueterpro
6:33 Loom
9:08 Feudal Age
11:20 Town Watch
11:33 Arson
13:19 Man-at-Arms
18:15 Double-Bit Axe
19:00 Fletching
21:35 Scale Mail Armor
27:04 Castle Age
26:38 Gold Mining
26:39 Stone Mining
29:24 Squires
30:21 Bow Saw
30:39 Forging
31:15 Wheelbarrow
30:51 Padded Archer Armor
31:32 Bodkin Arrow
31:57 Gambesons
32:08 Horse Collar
33:44 Hand Cart
35:43 Gold Shaft Mining
36:11 Chain Mail Armor
37:39 Iron Casting
40:09 Town Patrol
42:46 Imperial Age
41:04 Heavy Plow
Connection lost

Rejoining the realm…

Still unreachable

The connection could not be restored.

Session expired

The server has moved on; the page needs a fresh start.